 Dungeon Crawl Stone Soup version 0.28-a0-948-gee6e0bcda6 (webtiles) character file.

Game seed: 1286932551047179179

1104 Glundar the Covered (level 8, -2/51 HPs)
             Began as a Gargoyle Fighter on Nov 30, 2021.
             Killed from afar by a steam dragon (8 damage)
             ... with a ball of steam
             ... on level 5 of the Dungeon.
             The game lasted 00:20:27 (6953 turns).

Glundar the Covered (Gargoyle Fighter)              Turns: 6953, Time: 00:20:27

Health: -2/51      AC: 15    Str: 22    XL:     8   Next: 32%
Magic:  8/8        EV:  8    Int:  9    God:
Gold:   152        SH:  5    Dex: 15    Spells: 7/7 levels left

rFire   . . .      SeeInvis .   a - +0 war axe
rCold   . . .      Faith    .   c - +0 buckler
rNeg    + . .      Spirit   .   r - +0 chain mail
rPois   ∞          Reflect  .   (no helmet)
rElec   +          Harm     .   t - scarf {repulsion}
rCorr   .          Rampage  .   (no gloves)
Will    .....                   (no boots)
Stlth   ..........              (no amulet)
HPRegen 0.17/turn               m - ring of flight
MPRegen 0.11/turn               n - +6 ring of dexterity

@: mighty, flying, repel missiles
A: sickness immunity, AC +5, negative energy resistance 1, electricity
resistance, torment resistance 1, petrification resistance
a: no special abilities


You were on level 5 of the Dungeon.
You visited 2 branches of the dungeon, and saw 8 of its levels.

You collected 152 gold pieces.

Inventory:

Hand Weapons
 a - a +0 war axe (weapon)
Missiles
 k - 89 stones (quivered)
 p - 15 sling bullets
 s - 24 poisoned darts
Armour
 c - a +0 buckler (worn)
 r - a +0 chain mail (worn)
 t - a scarf of repulsion (worn)
Jewellery
 m - a ring of flight (left hand)
 n - a +6 ring of dexterity (right hand)
Scrolls
 e - a scroll of silence {unknown}
 g - 2 scrolls of immolation {unknown}
 i - a scroll of noise {unknown}
 j - 5 scrolls of identify {unknown}
 q - a scroll of vulnerability {unknown}
 u - a scroll of teleportation {unknown}
 w - a scroll of enchant armour {unknown}
Potions
 b - a potion of invisibility
 d - a potion of might
 f - a potion of haste {unknown}
 h - 2 potions of curing {unknown}
 l - a potion of resistance {unknown}
 o - a potion of heal wounds {unknown}
 v - a potion of attraction {unknown}


   Skills:
 + Level 5.9 Fighting
 + Level 4.8 Axes
 + Level 6.2 Armour
 - Level 0.2 Dodging
 - Level 0.3 Stealth
 + Level 6.0 Shields


You had 7 spell levels left.
You didn't know any spells.
Your spell library contained the following spells:

 Spells                   Type           Power      Damage    Failure   Level
 Beastly Appendage        Tmut           0%         N/A       96%         1
 Wereblood                Tmut           0%         N/A       99%         2
 Spider Form              Tmut/Pois      0%         N/A       100%        3
 Hailstorm                Conj/Ice       0%         3d3       100%        4
 Ice Form                 Ice/Tmut       0%         N/A       100%        4
 Simulacrum               Ice/Necr       0%         N/A       100%        6


Dungeon Overview and Level Annotations

Branches:
Dungeon (7/15)             Temple (1/1) D:4

Altars:
Ashenzari
Cheibriados
Dithmenos
Elyvilon
Fedhas
Gozag
Hepliaklqana
Kikubaaqudgha
Nemelex Xobeh
Okawaru
Qazlal
Ru
Sif Muna
Trog
Vehumet
Xom
Yredelemnul
Zin


Innate Abilities, Weirdness & Mutations

You are immune to sickness and miasma.
Your stone body is resilient. (AC +5)
You are immune to poison.
You resist negative energy. (rN+)
You are resistant to electric shocks. (rElec)
You are resistant to unholy torment.
You are immune to petrification.


Message History

The steam dragon is moderately wounded.
A nearby fungus withers and dies.
The steam dragon bites you.
The steam dragon claws you but does no damage.
The steam dragon bites you.
The steam dragon claws you but does no damage.
You barely miss the steam dragon.
The steam dragon is moderately wounded.
The fungus is engulfed in a cloud of scalding steam.
The fungus begins to die.
The steam dragon bites you.
The steam dragon claws you but does no damage.
You slash the steam dragon!
The steam dragon is severely wounded.
A nearby fungus withers and dies.
The steam dragon barely misses you. x2
You hit the steam dragon but do no damage.
The steam dragon is severely wounded.
A nearby fungus withers and dies.
The steam dragon bites you.
* * * LOW HITPOINT WARNING * * *
The steam dragon claws you but does no damage.
You hit the steam dragon but do no damage.
The steam dragon is severely wounded.
The steam dragon bites you but does no damage.
The steam dragon barely misses you. The steam dragon bites you.
* * * LOW HITPOINT WARNING * * *
You block the steam dragon's attack.
You barely miss the steam dragon.
The steam dragon is severely wounded.
The steam dragon bites you.
* * * LOW HITPOINT WARNING * * *
The steam dragon claws you but does no damage.
You hit the steam dragon.
The steam dragon is severely wounded.
You block the steam dragon's attack. The steam dragon barely misses you.
You feel very mighty all of a sudden.
The steam dragon bites you but does no damage.
The steam dragon closely misses you.
You closely miss the steam dragon.
The steam dragon is severely wounded.
The steam dragon breathes steam at you. The ball of steam hits you!
You die...

#.# P..PP#...## #. #.#
#..≈###+## ## #.# #≈..#
#.# #.# #≈.≈# #.# #.#
#^.≈###.## #.#
#P.≈##...##########
#.######...#..............
#......#.D##....##########
######.#≈@#....##
###..##.#.# #...#.##.#
#..≈####.# #..≈# #.#
#...## #.# #P.≈P# #.#
#P.P≈###.#
#####P...P##.###


You could see a steam dragon (catching breath).

Vanquished Creatures
  A steam dragon (D:5)
  A necrophage (D:3)
  2 scorpions (D:5)
  4 wights (D:3)
  A centaur zombie (D:5)
  4 hounds
  A bullfrog zombie (D:5)
  2 bullfrog skeletons (D:4)
  Jessica (D:3)
  3 iguanas (D:4)
  Terence (D:3)
  3 orc wizards
  A hound zombie (D:5)
  A howler monkey skeleton (D:4)
  6 adders
  A white imp (D:5)
  An ufetubus (D:5)
  An adder skeleton (D:3)
  2 worms (D:2)
  2 dart slugs
  7 orcs
  3 bats
  9 endoplasms
  3 giant cockroaches
  5 goblins
  8 hobgoblins
  8 kobolds
  2 quokkas
  4 ball pythons
  2 frilled lizards (D:3)
  3 rats
93 creatures vanquished.

Vanquished Creatures (others)
  12 fungi (D:5)
  4 plants (D:2)
16 creatures vanquished.

Grand Total: 109 creatures vanquished

Notes
Turn   | Place    | Note
-------+----------+-------------------------------------------
     0 | D:1      | Glundar the Gargoyle Fighter began the quest for the Orb.
     0 | D:1      | Reached XP level 1. HP: 14/14 MP: 1/1
   148 | D:1      | Reached XP level 2. HP: 17/19 MP: 2/2
   770 | D:1      | Reached XP level 3. HP: 17/23 MP: 3/3
  1112 | D:2      | Found a faded altar of an unknown god.
  1776 | D:3      | Reached XP level 4. HP: 29/29 MP: 4/4
  1923 | D:3      | Found a basalt altar of Yredelemnul.
  1955 | D:3      | Noticed Terence
  1969 | D:3      | Killed Terence
  2307 | D:4      | Reached XP level 5. HP: 24/33 MP: 5/5
  2557 | D:3      | Noticed Jessica
  2579 | D:3      | Killed Jessica
  3054 | D:4      | Noticed a necrophage
  3074 | D:3      | Killed a necrophage
  3075 | D:3      | Reached XP level 6. HP: 28/39 MP: 6/6
  3289 | D:4      | Noticed an orc warrior
  3812 | D:5      | Entered Level 5 of the Dungeon
  3828 | D:4      | Reached skill level 5 in Armour
  4451 | D:3      | Reached XP level 7. HP: 14/44 MP: 7/7
  4457 | D:3      | Reached skill level 5 in Shields
  4675 | D:3      | Reached skill level 5 in Fighting
  4956 | D:4      | You are sucked into a shaft and drop 3 floors!
  5328 | D:4      | Found a staircase to the Ecumenical Temple.
  6059 | D:5      | Reached XP level 8. HP: 43/50 MP: 8/8
  6171 | Temple   | Entered the Ecumenical Temple
  6953 | D:5      | Killed from afar by a steam dragon

Illustrated notes

Levels and vault maps discovered:
D:1:      dpeg_arrival_pits, layout_basic, serial_bayou_lagoon_a,
          minmay_surrounded
D:2:      cheibrodos_old_hovel, layout_rooms, shapermc_ecumenical_altar_venn
D:3:      layout_loops_ring, mainiacjoe_overflow_alcove_1, uniq_jessica,
          uniq_terence
D:4:      layout_basic, minmay_temple_entry_from_below_b
D:5:      kennysheep_steamy, layout_loops_corners,
          minmay_fractal_squares_gapless_5
D:6:      layout_rooms, nzn_wu_jian_council_hall, st_stairs_1,
          corexii_leaking_fountain, hangedman_decor_diamond_cutter, minivault_4
D:7:      layout_rooms, minmay_misc_feat_doors
Temple:   minmay_crystal_spiral_temple

Skill      XL: |  1  2  3  4  5  6  7  8 |
---------------+-------------------------+-----
Axes           | 2 3 4 |  4.8
Armour         | 4 5 6 |  6.2
Shields        | 4 5 6 |  6.0
Fighting       | 4 5 |  5.9
Dodging        | |  0.2
Stealth        | |  0.3

Action                   |  1- 3 |  4- 6 |  7- 9 || total
-------------------------+-------+-------+-------++-------
Melee: War axe           |    93 |   162 |   122 ||   377
  Use: Potion            |       |       |     1 ||     1
Armor: Scale mail        |    36 |    23 |       ||    59
       Chain mail        |       |    80 |    93 ||   173
Dodge: Dodged            |    37 |    66 |    71 ||   174
Block: Buckler           |    26 |    37 |    50 ||   113

Table legend: (Time is in decaauts)
 A = Elapsed time spent in this place.
 B = Non-inter-level travel time spent in this place.
 C = Inter-level travel time spent in this place.
 D = Time resting spent in this place.
 E = Time spent auto-exploring this place.
 F = Levels seen in this place.
 G = Mean time per level.
                   A        B        C        D        E       F      G
               +--------+--------+--------+--------+--------+-----+--------+
         Total |   7108 |   6834 |    274 |   2229 |   2492 |   8 |  888.5 |
       Dungeon |   6897 |   6706 |    191 |   2229 |   2381 |   7 |  985.3 |
        Temple |    210 |    127 |     83 |      0 |    111 |   1 |  210.0 |
               +--------+--------+--------+--------+--------+-----+--------+

Top non-repeatable levels by time:
     D:3: 2486 daAuts
     D:5: 1431 daAuts
     D:4: 1180 daAuts
     D:1: 1085 daAuts
     D:2: 695 daAuts
  Temple: 210 daAuts
     D:6: 10 daAuts
     D:7: 7 daAuts
